 Dungeon Crawl Stone Soup version 0.29.1 (webtiles) character file.

Game seed: 1933117790922095028

42 ragingrage the Cutter (level 3, -6/25 HPs)
             Began as a Gnoll Wanderer on Sept 12, 2022.
             Killed by nerve-wracking pain
             ... invoked by a shadow imp
             ... summoned by Natasha
              (11 damage)
             ... on level 2 of the Dungeon.
             The game lasted 00:01:14 (1680 turns).

ragingrage the Cutter (Gnoll Wanderer)              Turns: 1680, Time: 00:01:15

Health: -6/25      AC:  5    Str: 20    XL:     3   Next: 54%
Magic:  7/7        EV: 11    Int:  7    God:
Gold:   83         SH:  0    Dex:  8    Spells: 4/7 levels left

rFire   . . .      SeeInvis .   b - +0 mace
rCold   . . .      Faith    .   (no shield)
rNeg    . . .      Spirit   .   e - +0 leather armour
rPois   .          Reflect  .   c - +0 helmet
rElec   .          Harm     .   (no cloak)
rCorr   .          Rampage  .   (no gloves)
Will    .....                   i - +0 pair of boots
Stlth   +.........              (no amulet)
HPRegen 0.08/turn               (no ring)
MPRegen 0.10/turn               (no ring)

@: no status effects
A: fangs 1, strong nose, distributed training
a: no special abilities


You were on level 2 of the Dungeon.
You visited 1 branch of the dungeon, and saw 2 of its levels.

You collected 83 gold pieces.

Inventory:

Hand Weapons
 a - a +0 rapier
 b - a +0 mace (weapon)
Armour
 c - a +0 helmet (worn)
 e - a +0 leather armour (worn)
 i - a +0 pair of boots (worn)
Scrolls
 d - a scroll of summoning
 f - 2 scrolls of brand weapon {unknown}
 j - a scroll of amnesia {unknown}
 k - 3 scrolls of identify {unknown}
 l - 2 scrolls of enchant weapon {unknown}
 n - 3 scrolls of noise {unknown}
Potions
 g - a potion of heal wounds {unknown}
 h - a potion of attraction {unknown}
 m - a potion of curing {unknown}


   Skills:
 + Level 0.9 Fighting
 + Level 6.5 Short Blades
 + Level 0.9 Long Blades
 + Level 0.9 Axes
 + Level 4.5 Maces & Flails
 + Level 0.9 Polearms
 + Level 0.9 Staves
 + Level 0.9 Ranged Weapons
 + Level 0.9 Throwing
 + Level 2.6 Armour
 + Level 2.6 Dodging
 + Level 2.4 Stealth
 + Level 0.9 Shields
 + Level 0.9 Unarmed Combat
 + Level 2.8 Spellcasting
 + Level 0.6 Conjurations
 + Level 0.6 Hexes
 + Level 0.6 Summonings
 + Level 0.6 Necromancy
 + Level 0.6 Translocations
 + Level 0.6 Transmutations
 + Level 0.6 Fire Magic
 + Level 0.6 Ice Magic
 + Level 0.6 Air Magic
 + Level 0.6 Earth Magic
 + Level 0.6 Poison Magic
 + Level 1.0 Invocations
 + Level 2.6 Evocations


You had 4 spell levels left.
You knew the following spells:

 Your Spells              Type           Power      Damage    Failure   Level
a - Frozen Ramparts       Ice            2%         1d1       67%         3

Your spell library contained the following spells:

 Spells                   Type           Power      Damage    Failure   Level
 Freeze                   Ice            4%         1d3       30%         1
 Gell's Gravitas          Tloc           1%         N/A       67%         3
 Teleport Other           Tloc           1%         N/A       67%         3
 Hailstorm                Conj/Ice       1%         3d3       97%         4
 Dispersal                Tloc           0%         N/A       100%        6


Dungeon Overview and Level Annotations

Branches:
Dungeon (2/15)

Altars:
Xom

Annotations:
D:2 Natasha


Innate Abilities, Weirdness & Mutations

You have very sharp teeth.
Your uncanny sense of smell can sniff out nearby items.
Your experience applies equally to all skills.


Message History

Natasha stares at you and mumbles some strange words.
The magic dart hits you.
The shadow imp shouts!
Natasha claws you but does no damage.
You hit the shadow imp.
The shadow imp is moderately wounded.
Natasha claws you but does no damage. The shadow imp barely misses you.
You hit the shadow imp but do no damage.
The shadow imp is moderately wounded.
Natasha howls an incantation.
You feel disoriented. Natasha closely misses you.
The shadow imp closely misses you.
You hit the shadow imp. Your punch misses the shadow imp.
The shadow imp is heavily wounded.
Natasha closely misses you. The shadow imp hits you. Natasha claws you.
You are too injured to fight recklessly!
You are too injured to fight recklessly!
You are too injured to fight recklessly!
You are too injured to fight recklessly!
You are too injured to fight recklessly!
You are too injured to fight recklessly!
You are too injured to fight recklessly!
You are too injured to fight recklessly!
You are too injured to fight recklessly!
You are too injured to fight recklessly!
You are too injured to fight recklessly!
You are too injured to fight recklessly!
You are too injured to fight recklessly!
You barely miss Natasha. You punch Natasha, but do no damage.
The shadow imp hits you.
* * * LOW HITPOINT WARNING * * *
Natasha claws you but does no damage.
You barely miss Natasha. The shadow imp barely misses you.
Natasha wildly gestures.
Natasha shimmers violently.
Natasha claws you.
* * * LOW HITPOINT WARNING * * *
The shadow imp gestures at you. Pain shoots through your body!
You die...

#....#.########.#
###....#..## #.#
...........# #.#
........?..#
#.######
..###.._..#
#....... #
#.....######'######
#.....##...........
##..####...........
#@## #....[......
#5h# #...........
#..## #####'######
...# #.# ##.. #.#
##. # #.# ####.
..##### #.##
#####...###.....#
#..#####
.....#..#..#...#
#.......


You could see Natasha and a shadow imp (summoned).

Vanquished Creatures
  3 dart slugs
  2 ball pythons
  A bat (D:1)
  2 endoplasms (D:1)
  3 giant cockroaches (D:1)
  7 goblins
  A hobgoblin (D:1)
  2 jackals (D:2)
  5 kobolds
  A quokka (D:1)
  3 rats (D:1)
30 creatures vanquished.

Notes
Turn   | Place    | Note
-------+----------+-------------------------------------------
     0 | D:1      | ragingrage the Gnoll Wanderer began the quest for the Orb.
     0 | D:1      | ragingrage set off with the following items: a +0 rapier, a
                  | +0 mace, a +0 helmet, a scroll of summoning, a +0 leather
                  | armour.
     0 | D:1      | Reached XP level 1. HP: 13/13 MP: 4/4
   102 | D:1      | Found a faded altar of an unknown god.
   358 | D:1      | Reached XP level 2. HP: 19/19 MP: 5/5
   794 | D:1      | Reached XP level 3. HP: 10/25 MP: 7/7
  1163 | D:1      | Learned a level 3 spell: Frozen Ramparts
  1383 | D:2      | Reached skill level 1 in Invocations
  1665 | D:2      | Found a shimmering altar of Xom.
  1670 | D:2      | Noticed Natasha
  1680 | D:2      | Killed from afar by a shadow imp

Illustrated notes

Levels and vault maps discovered:
D:1:      lightli_arrival_quake, layout_basic, dreamdust_ecumenical_altar_grove
D:2:      layout_basic, serial_glass, glass_columns_b, glass_columns_b,
          minmay_strange_pillars, minmay_strange_pillars, item_on_display_a,
          feat_on_display, basic_altar, uniq_natasha, uniq_terence

Skill      XL: |  1  2  3 |
---------------+----------+-----
Invocations    | 1 |  1.0
Fighting       | |  0.9
Short Blades   | |  6.5
Long Blades    | |  0.9
Axes           | |  0.9
Maces & Flails | |  4.5
Polearms       | |  0.9
Staves         | |  0.9
Ranged Weapons | |  0.9
Throwing       | |  0.9
Armour         | |  2.6
Dodging        | |  2.6
Stealth        | |  2.4
Shields        | |  0.9
Unarmed Combat | |  0.9
Spellcasting   | |  2.8
Conjurations   | |  0.6
Hexes          | |  0.6
Summonings     | |  0.6
Necromancy     | |  0.6
Translocations | |  0.6
Transmutations | |  0.6
Fire Magic     | |  0.6
Ice Magic      | |  0.6
Air Magic      | |  0.6
Earth Magic    | |  0.6
Poison Magic   | |  0.6
Evocations     | |  2.6

Action                   || total
-------------------------++-------
Melee: Rapier            ||    16
       Mace              ||    85
       Bite              ||     3
       Punch             ||     2
 Stab: Sleeping          ||     4
Armor: Leather armour    ||    46
Dodge: Dodged            ||    65
